 Dungeon Crawl Stone Soup version 0.30-b1-2-g02819fbbbe (webtiles) character file.

Game seed: 2697475156803841299

612 redmage the Conjurer (level 8, 57/57 HPs)
             Began as a Meteoran Earth Elementalist on Aug 7, 2023.
             Was an Initiate of Cheibriados.
             Quit the game on level 2 of the Abyss.
             The game lasted 00:10:41 (566 turns).

redmage the Conjurer (Meteoran Earth Elementalist)   Turns: 566, Time: 00:10:41

Health: 57/57      AC:  2    Str: 11    XL:     8   Next: 3%
Magic:  13/13      EV: 13    Int: 20    God:    Cheibriados [......]
Gold:   89         SH:  0    Dex: 15    Spells: 7/13 levels left

rFire   . . .        (no weapon)
rCold   . . .        (no shield)
rNeg    . . .        a - +0 robe
rPois   +            (no helmet)
rElec   .            (no cloak)
rCorr   .            (no gloves)
SInv    .            (no boots)
Will    +....        (no amulet)
Stlth   +            e - ring of wizardry
HPRegen 0.29/turn    j - ring of poison resistance
MPRegen 0.13/turn

%: wizardry (x1)
@: glowing, very slow
A: sense surroundings 1, otherworldly, glowing, explore regen
a: Renounce Religion


You were on level 2 of the Abyss.
You worshipped Cheibriados.
Cheibriados was noncommittal.
You visited 1 branch of the dungeon, and saw 8 of its levels.
You visited the Abyss 1 time.

You collected 89 gold pieces.

Inventory:

Armour
 a - a +0 robe (worn)
Jewellery
 e - a ring of wizardry (left hand)
 j - a ring of poison resistance (right hand)
Wands
 g - a wand of paralysis (7)
Scrolls
 c - 2 scrolls of identify
 d - a scroll of magic mapping {unknown}
 h - 2 scrolls of enchant armour {unknown}
Potions
 b - a potion of magic
 f - 2 potions of curing
 i - a potion of haste {unknown}
 k - a potion of flight {unknown}


   Skills:
 - Level 2.7 Dodging
 - Level 1.6 Stealth
 - Level 3.0 Spellcasting
 * Level 7.0 Conjurations
 - Level 1.7 Transmutations
 + Level 6.3 Earth Magic


You had 7 spell levels left.
You knew the following spells:

 Your Spells              Type           Power      Damage    Failure   Level
a - Sandblast             Erth           56%        2d13      1%          1
b - Passwall              Tmut/Erth      15%        N/A       1%          2
c - Stone Arrow           Conj/Erth      58%        3d10      1%          3

Your spell library contained the following spells:

 Spells                   Type           Power      Damage    Failure   Level
 Petrify                  Tmut/Erth      19%        N/A       11%         4
 Animate Armour           Summ/Erth      30%        N/A       16%         4
 Lehudib's Crystal Spear  Conj/Erth      14%        10d5      100%        8


Dungeon Overview and Level Annotations

Branches:
Dungeon (8/15) Zot: 6406   Temple (0/1) D:7
   Lair: D:8-11

Altars:
Cheibriados
Gozag
Qazlal
Wu Jian

Annotations:
D:7 3 runed translucent doors, diceflayer's ghost, novice DsHu
D:8 Psyche


Innate Abilities, Weirdness & Mutations

You passively map a small area around you.
You are easily found by Zot.
You glow in the dark.
You regain HP and MP as you explore.


Message History

Your Conjurations skill increases to level 7!
You have reached level 8!
You see here a bullfrog corpse.
c - 2 scrolls of identify (gained 1)
Found a viscous cyan potion.
Found 14 gold pieces.
Found 3 stones.
Found 16 gold pieces.
k - a viscous cyan potion You now have 89 gold pieces (gained 14).
Psyche the Insane Magess comes into view.
She is wielding a +3 dagger of distortion and wearing a +1 robe of the Archmagi.
Psyche shouts!
Psyche mumbles some strange words.
Psyche flickers and vanishes!
Deactivating autopickup; reactivate with Ctrl-A.
Unknown command.
Casting: Sandblast (safe; 1% risk of failure)
Confirm with . or Enter, or press ? or * to list all spells.
Aiming: Stone Arrow (safe; 1% risk of failure)
Press: ? - help, Shift-Dir - straight line The stone arrow hits something!!
Unknown command.
Casting: Stone Arrow (safe; 1% risk of failure)
Confirm with . or Enter, or press ? or * to list all spells.
Aiming: Stone Arrow (safe; 1% risk of failure)
Press: ? - help, Shift-Dir - straight line You hear some strange, mumbled words.
Something tries to affect you, but you resist.
Unknown command.
Casting: Stone Arrow (safe; 1% risk of failure)
Confirm with . or Enter, or press ? or * to list all spells.
You don't know that spell.
You barely miss something. Something hits you!
You blink.
You hear some strange, mumbled words.
Something tries to affect you, but you resist.
Something hits you.
You are cast into the Abyss!
This branch contains the abyssal rune of Zot.
Reactivating autopickup.
Are you sure you want to abandon this character and quit the game? (Confirm with "yes".)

# # .#. #.. ..
#.###
....###.#.##.##
#............
#@# #.# #.# ..#
#.. #.. ...
..#.


There were no monsters in sight!

Vanquished Creatures
  An ice beast (D:7)
  A black bear (D:5)
  An ogre (D:5)
  2 bullfrogs
  A scorpion (D:5)
  A hound (D:7)
  2 iguanas (D:5)
  5 gnolls
  2 adders
  A dart slug (D:3)
  An orc (D:5)
  2 goblins (D:1)
  A hobgoblin (D:3)
  2 frilled lizards (D:1)
  3 rats (D:1)
26 creatures vanquished.

Notes
Turn   | Place    | Note
-------+----------+-------------------------------------------
     0 | D:1      | redmage the Meteoran Earth Elementalist began the quest for
                  | the Orb.
     0 | D:1      | Reached XP level 1. HP: 14/14 MP: 5/5
    66 | D:1      | Reached XP level 2. HP: 5/20 MP: 0/6
    69 | D:1      | Learned a level 2 spell: Passwall
   136 | D:5      | Entered Level 5 of the Dungeon
   146 | D:4      | Reached XP level 3. HP: 26/26 MP: 4/8
   150 | D:4      | Learned a level 3 spell: Stone Arrow
   180 | D:4      | Noticed a gnoll sergeant
   183 | D:4      | Reached skill level 1 in Conjurations
   211 | D:5      | Found a stormy altar of Qazlal.
   224 | D:5      | Noticed a scorpion
   224 | D:5      | Noticed a black bear
   240 | D:5      | Identified the +1 chain mail of Sunlight {rF+}
   244 | D:5      | Noticed an ogre
   249 | D:5      | Killed an ogre
   250 | D:5      | Reached skill level 3 in Conjurations
   250 | D:5      | Reached XP level 4. HP: 33/33 MP: 2/9
   250 | D:5      | Reached XP level 5. HP: 38/38 MP: 2/10
   258 | D:5      | Found a snail-covered altar of Cheibriados.
   258 | D:5      | Found an ornate altar of the Wu Jian Council.
   263 | D:5      | Became a worshipper of Cheibriados the Contemplative
   313 | D:5      | Reached skill level 4 in Conjurations
   313 | D:5      | Reached skill level 5 in Earth Magic
   313 | D:5      | Reached XP level 6. HP: 33/45 MP: 4/11
   322 | D:5      | Killed a black bear
   323 | D:5      | Reached skill level 5 in Conjurations
   340 | D:5      | Reached XP level 7. HP: 49/50 MP: 0/12
   402 | D:7      | Found a runed translucent gate.
   403 | D:7      | Found a runed translucent gate.
   403 | D:7      | Found an opulent altar of Gozag.
   404 | D:7      | Found a runed translucent gate.
   408 | D:7      | Noticed diceflayer's ghost (novice DsHu)
   447 | D:7      | Reached skill level 6 in Conjurations
   532 | D:8      | Reached skill level 7 in Conjurations
   532 | D:8      | Reached XP level 8. HP: 55/57 MP: 10/13
   555 | D:8      | Noticed Psyche
   565 | Abyss:2  | Cast into level 2 of the Abyss (Psyche)
   566 | Abyss:2  | Quit the game

Illustrated notes

Levels and vault maps discovered:
D:1:      eino_arrival_cavern_e, layout_rooms, serial_shops, shop,
          nicolae_shop_hallway_stairs, shop, nicolae_shop_peninsula,
          nicolae_shop_getting_attention
D:2:      layout_loops_cross, skrybe_limestone_x,
          chequers_serial_rivers_small_b, feat_on_display
D:3:      cheibrodos_thug_alley, layout_loops_ring,
          nicolae_overflow_hidden_temple, zin_scriptorium,
          gup_sewer_entry_spiral, kennysheep_jessica_study, uniq_natasha,
          uniq_jessica
D:4:      layout_basic, lemuel_tele_altar
D:5:      layout_basic, mainiacjoe_overflow_six_doors_small,
          overflow_temple_1_default, nicolae_overflow_two_pavilions,
          uniq_blork_the_orc
D:6:      layout_loops_ring, mainiacjoe_overflow_alcove_1
D:7:      layout_gridville, minmay_temple_entry_ruins, ebering_ghost_gozag,
          serial_park_tiny_1
D:8:      layout_loops_ring, mainiacjoe_overflow_24_doors, marbit_many_paths,
          uniq_psyche
Abyss:2:  base:
D:6

Skill      XL: |  1  2  3  4  5  6  7 |
---------------+----------------------+-----
Spellcasting   | 3 |  3.0
Conjurations   | 3 4 5 7 |  7.0
Earth Magic    | 4 5 6 |  6.3
Dodging        | |  2.7
Stealth        | |  1.6
Transmutations | |  1.7

Action                     |  1- 3 |  4- 6 |  7- 9 || total
---------------------------+-------+-------+-------++-------
  Melee: Unarmed           |     1 |       |     1 ||     2
   Cast: Sandblast         |    16 |    11 |    23 ||    50
         Stone Arrow       |     3 |     3 |     3 ||     9
         Passwall          |     1 |     3 |     1 ||     5
  Evoke: Wand              |       |     1 |       ||     1
    Use: Scroll            |     2 |       |       ||     2
 Armour: Robe              |     1 |     1 |     1 ||     3
  Dodge: Dodged            |    11 |     3 |     7 ||    21
